 Dungeon Crawl Stone Soup version 0.21.1-1-g345015f (webtiles) character file.

243 Fang the Shield-Bearer (level 6, -1/38 HPs)
             Began as a Gargoyle Fighter on May 8, 2018.
             Slain by a river rat (3 damage)
             ... summoned by Eustachio
             ... on level 4 of the Dungeon.
             The game lasted 00:06:12 (2933 turns).

Fang the Shield-Bearer (Gargoyle Fighter)           Turns: 2933, Time: 00:06:13

Health: -1/38      AC: 11    Str: 19 (22) XL:     6   Next: 9%
Magic:  6/6        EV:  7    Int:  5 (8)  God:
Gold:   217        SH:  9    Dex:  7 (9)  Spells: 5/5 levels left

rFire    . . .     SeeInvis .   a - +0 war axe
rCold    . . .     Gourm    .   c - +0 shield
rNeg     + . .     Faith    .   b - +0 scale mail
rPois    ∞         Spirit   .   (no helmet)
rElec    +         Reflect  .   (no cloak)
rCorr    .         Harm     .   (no gloves)
MR       .....                  (no boots)
Stlth    ..........             (no amulet)
HPRegen  0.12/turn              (no ring)
MPRegen  0.10/turn              (no ring)

@: no status effects
A: negative energy resistance 1, electricity resistance, unbreathing,
petrification resistance, rot immunity, AC +4
a: no special abilities


You were on level 4 of the Dungeon.
You were very hungry.

You visited 1 branch of the dungeon, and saw 4 of its levels.

You collected 217 gold pieces.

Inventory:

Hand Weapons
 a - a +0 war axe (weapon)
Armour
 b - a +0 scale mail (worn)
 c - a +0 shield (worn)
Scrolls
 g - 4 scrolls of identify
 i - a scroll of fog
 m - a scroll of fear
Potions
 d - 2 potions of might
 h - 2 potions of brilliance
 j - a potion of ambrosia
 k - a potion of haste
Comestibles
 f - 4 rations


   Skills:
 + Level 3.9 Fighting
 + Level 3.5 Axes
 + Level 4.0 Armour
 + Level 0.8 Dodging
 + Level 5.0 Shields


You had 5 spell levels left.
You didn't know any spells.

Dungeon Overview and Level Annotations

Branches:
Dungeon (4/15)
 Temple: D:4-7

Altars:
Ashenzari
Nemelex Xobeh

Annotations:
D:4 Eustachio


Innate Abilities, Weirdness & Mutations

You are resistant to torment.
Your stone body is resilient. (AC +4)
You are immune to poison.
You resist negative energy. (rN+)
You are resistant to electric shocks. (rElec)
You can survive without breathing.
You are immune to petrification.
You are immune to rotting.


Message History

Unknown command.
You hit the river rat.
The river rat is severely wounded.
You miss the bat. You barely miss the bat. The bat hits you but does no damage.
You block the bat's attack. You block the river rat's attack.
Unknown command.
Your shield and scale mail prevent you from hitting the river rat.
The river rat is heavily wounded.
You barely miss the bat. The bat hits you but does no damage.
You block the bat's attack. The river rat bites you.
* * * LOW HITPOINT WARNING * * *
The river rat bites you.
* * * LOW HITPOINT WARNING * * *
You hit the river rat.
The river rat is almost dead.
You hit the bat.
You kill the bat!
The bat's corpse disappears in a puff of smoke!
The bat hits you but does no damage. The river rat bites you.
You die...

+.........†..
####...###### ##..#
##.### #...# #+# ###.#
#§# ###.# #####§##
#...# #...§§@# ###...#
#.##§§r#### #.....#
#.§b§§§.####.###.#
####.##..b.....##.###.#
...............##.###.#
####.###.........5.#..#
#.###.......##..#..#
#...........##.(_..#
#####.########..#...#


You could see a river rat and a bat.

Vanquished Creatures
  A centaur zombie (D:2)
  2 hounds (D:4)
  Terence (D:3)
  3 adders
  An ooze (D:1)
  An adder skeleton (D:4)
  3 worms
  5 orcs
  7 bats
  6 giant cockroaches
  13 hobgoblins
  5 jackals
  2 quokkas
  2 ball pythons (D:2)
  4 frilled lizards
  8 goblins
  9 kobolds
  6 rats
79 creatures vanquished.

Notes
Turn   | Place    | Note
-------+----------+-------------------------------------------
     0 | D:1      | Fang the Gargoyle Fighter began the quest for the Orb.
     0 | D:1      | Reached XP level 1. HP: 14/14 MP: 1/1
   289 | D:1      | Reached XP level 2. HP: 19/19 MP: 2/2
   471 | D:1      | Reached XP level 3. HP: 20/23 MP: 3/3
   473 | D:1      | Reached skill level 4 in Shields
  1000 | D:2      | Reached XP level 4. HP: 28/28 MP: 4/4
  1084 | D:2      | Found a faded altar of an unknown god.
  1935 | D:3      | Noticed Terence
  1956 | D:3      | Killed Terence
  1956 | D:3      | Reached XP level 5. HP: 21/33 MP: 5/5
  2100 | D:3      | Found a sparkling altar of Nemelex Xobeh.
  2716 | D:4      | Reached XP level 6. HP: 33/38 MP: 6/6
  2825 | D:4      | Reached skill level 5 in Shields
  2838 | D:4      | Found a shattered altar of Ashenzari.
  2854 | D:4      | Noticed Eustachio
  2932 | D:4      | HP: 1/38 [river rat[Eustachio] (1)]
  2933 | D:4      | Slain by a river rat

Skill      XL: |  1  2  3  4  5  6 |
---------------+-------------------+-----
Axes           | 2 3 |  3.5
Shields        | 4 5 |  5.0
Armour         | 4 |  4.0
Fighting       | |  3.9
Dodging        | |  0.8

Action                   |  1- 3 |  4- 6 || total
-------------------------+-------+-------++-------
Melee: War axe           |   112 |   204 ||   316
  Use: Scroll            |       |    11 ||    11
       Potion            |       |     3 ||     3
  Eat: Chunk             |       |     6 ||     6
Armor: Scale mail        |    73 |   222 ||   295
Dodge: Dodged            |    44 |   109 ||   153
Block: Shield            |    77 |   200 ||   277
